| TOP OF THE 1ST |
|
San Francisco (APP) Giants batting - Pitching for Bristol Pirates : RHP Andres Guillen
|
|
Pitching: RHP Andres Guillen
|
|
|
Batting: LHB Eddie Lemus
|
0-0: Ball 1-0: Foul Ball, location: 2F 1-1: Ground out 5-3 (Groundball, 56S, EV 84.4 MPH)
|
|
Batting: RHB Noe Oliva
|
0-0: Ball 1-0: Called Strike 1-1: Ball 2-1: Ball 3-1: Called Strike 3-2: Strikes out swinging
|
|
Batting: LHB Kuan Hsia
|
0-0: Foul Ball, location: 2F 0-1: Swinging Strike 0-2: Ball 1-2: Strikes out swinging
|
| Top of the 1st over - 0 runs, 0 hits, 0 errors, 0 left on base; San Francisco (APP) 0 - Bristol 0 |
| BOTTOM OF THE 1ST |
|
Bristol Pirates batting - Pitching for San Francisco (APP) Giants : RHP Corey Foster
|
|
Pitching: RHP Corey Foster
|
|
|
Batting: RHB Ryan LeSueur
|
0-0: Fly out, F7 (Flyball, 7, EV 88.8 MPH)
|
|
Batting: RHB Hidesuke Yoshida
|
0-0: Ball 1-0: Ball 2-0: Ball 3-0: Called Strike 3-1: Foul Ball, location: 2F 3-2: Base on Balls
|
|
Batting: RHB Ricky Alvarado
|
0-0: Ball 1-0: Fielders Choice at 2nd, 6-4 (Groundball, 56D, EV 83.1 MPH)
|
|
Batting: RHB Hector Barajas
|
0-0: Ball Ricky Alvarado is caught stealing 2nd base 2-4
|
| Bottom of the 1st over - 0 runs, 0 hits, 0 errors, 0 left on base; San Francisco (APP) 0 - Bristol 0 |
| TOP OF THE 2ND |
|
San Francisco (APP) Giants batting - Pitching for Bristol Pirates : RHP Andres Guillen
|
|
Batting: RHB Ricky Aguilar
|
0-0: Foul Ball, location: 2F 0-1: SINGLE (Groundball, 56S, EV 69.4 MPH) (infield hit)
|
|
Batting: RHB Chris Kulik
|
0-0: Called Strike 0-1: Called Strike Ricky Aguilar steals 2nd base 0-2: Ball 1-2: Ball 2-2: Ball 3-2: Base on Balls
|
|
Batting: RHB Azeem bin Zuhair
|
0-0: Fielders Choice at 2nd, 4-6 (Groundball, 4, EV 80.6 MPH) Ricky Aguilar to third
|
|
Batting: RHB Jonathan Hemsley
|
0-0: Called Strike Azeem bin Zuhair steals 2nd base 0-1: Swinging Strike 0-2: Ball 1-2: Ball 2-2: Strikes out looking
|
|
Batting: RHB Rúbem Trancoso
|
0-0: Ball Wild Pitch! Ricky Aguilar scores Azeem bin Zuhair to third 1-0: Foul Ball, location: 2F 1-1: Swinging Strike 1-2: Foul Ball, location: 2F 1-2: Strikes out swinging
|
| Top of the 2nd over - 1 run, 1 hit, 0 errors, 1 left on base; San Francisco (APP) 1 - Bristol 0 |
| BOTTOM OF THE 2ND |
|
Bristol Pirates batting - Pitching for San Francisco (APP) Giants : RHP Corey Foster
|
|
Batting: RHB Hector Barajas
|
0-0: SOLO HOME RUN (Flyball, 7D, EV 100.0 MPH), Distance : 395 ft
|
|
Batting: SHB Ronnie Brooks
|
0-0: Ball 1-0: Foul Ball, location: 2F 1-1: Foul Ball, location: 2F 1-2: Ball 2-2: SINGLE (Groundball, 4MD, EV 108.8 MPH)
|
|
Batting: RHB Chris Arroyo
|
0-0: Ball 1-0: Ball 2-0: Called Strike 2-1: Called Strike 2-2: Ball 3-2: Foul Ball, location: 2F 3-2: Fly out, F8 (Flyball, 89M, EV 96.9 MPH)
|
|
Pitching: RHP Sam Green
|
|
|
Batting: RHB Jon Solis
|
0-0: Ball Ronnie Brooks steals 2nd base 1-0: Ball 2-0: Swinging Strike 2-1: Swinging Strike 2-2: Ball 3-2: Base on Balls
|
|
Batting: RHB Erik Mulligan
|
0-0: SINGLE (Groundball, 6MD, EV 95.6 MPH) Ronnie Brooks to third Jon Solis to second
|
|
Pinch Hitting: RHB Rusty Trader
|
0-0: Ball 1-0: Ball 2-0: Ball 3-0: Base on Balls Ronnie Brooks scores Jon Solis to third Erik Mulligan to second
|
|
Batting: RHB Ryan LeSueur
|
0-0: Ball 1-0: GRAND SLAM HOME RUN (Flyball, 7D, EV 101.9 MPH), Distance : 396 ft
|
|
Batting: RHB Hidesuke Yoshida
|
0-0: TRIPLE (Line Drive, 78XD, EV 105.0 MPH)
|
|
Batting: RHB Ricky Alvarado
|
0-0: Called Strike 0-1: 2-RUN HOME RUN (Line Drive, 7LD, EV 96.9 MPH), Distance : 375 ft
|
|
Batting: RHB Hector Barajas
|
0-0: Ball 1-0: Ball 2-0: Ball 3-0: Called Strike 3-1: Base on Balls
|
|
Batting: SHB Ronnie Brooks
|
0-0: Ball 1-0: TRIPLE (Flyball, 7D, EV 95.6 MPH) Hector Barajas scores
|
|
Batting: RHB Chris Arroyo
|
0-0: Ball 1-0: Called Strike 1-1: Ball 2-1: Ball 3-1: Base on Balls
|
|
Batting: RHB Jon Solis
|
0-0: Ball 1-0: Foul Ball, location: 2F 1-1: Ball 2-1: Called Strike 2-2: Ball 3-2: Base on Balls Chris Arroyo to second
|
|
Batting: RHB Erik Mulligan
|
0-0: Foul Ball, location: 2F 0-1: Ball 1-1: Foul Ball, location: 2F 1-2: Ball 2-2: Ball 3-2: Base on Balls Ronnie Brooks scores Chris Arroyo to third Jon Solis to second
|
|
Pitching: LHP Justin Tidwell
|
|
|
Batting: RHB Rusty Trader
|
0-0: Ball 1-0: Swinging Strike 1-1: Ball 2-1: Ball 3-1: Foul Ball, location: 2F 3-2: Fielders Choice at 2nd, 5-4 (Groundball, 56, EV 97.5 MPH) Chris Arroyo scores Jon Solis to third
|
|
Batting: RHB Ryan LeSueur
|
0-0: Called Strike 0-1: Ball 1-1: Ball 2-1: Swinging Strike 2-2: Strikes out looking
|
| Bottom of the 2nd over - 11 runs, 7 hits, 0 errors, 2 left on base; San Francisco (APP) 1 - Bristol 11 |
| TOP OF THE 3RD |
|
San Francisco (APP) Giants batting - Pitching for Bristol Pirates : RHP Andres Guillen
|
|
Now at 1B: Jiong Qi
|
|
|
Batting: SHB Cedric Sweep
|
0-0: Ball 1-0: Called Strike 1-1: Swinging Strike 1-2: Strikes out looking
|
|
Batting: LHB Eddie Lemus
|
0-0: Called Strike 0-1: Ball 1-1: Swinging Strike 1-2: Ground out 1-3 (Groundball, P, EV 65.6 MPH)
|
|
Batting: RHB Noe Oliva
|
0-0: Foul Ball, location: 2F 0-1: Swinging Strike 0-2: Strikes out swinging
|
| Top of the 3rd over - 0 runs, 0 hits, 0 errors, 0 left on base; San Francisco (APP) 1 - Bristol 11 |
| BOTTOM OF THE 3RD |
|
Bristol Pirates batting - Pitching for San Francisco (APP) Giants : LHP Justin Tidwell
|
|
Batting: RHB Hidesuke Yoshida
|
0-0: Called Strike 0-1: Ball 1-1: Ball 2-1: Foul Ball, location: 2F 2-2: Ball 3-2: SINGLE (Flyball, 34D, EV 93.8 MPH)
|
|
Batting: RHB Ricky Alvarado
|
0-0: Ball 1-0: Called Strike 1-1: Foul Ball, location: 2F 1-2: Foul Ball, location: 2F 1-2: Ball 2-2: Ball 3-2: Foul Ball, location: 2F 3-2: Base on Balls Hidesuke Yoshida to second
|
|
Pitching: LHP Ken Cromsie
|
|
|
Batting: RHB Hector Barajas
|
0-0: Ball 1-0: Called Strike 1-1: SINGLE (Groundball, 5D, EV 98.1 MPH) Hidesuke Yoshida to third Ricky Alvarado to second
|
|
Batting: SHB Ronnie Brooks
|
0-0: Called Strike 0-1: Ball 1-1: GRAND SLAM HOME RUN (Flyball, 7D, EV 108.1 MPH), Distance : 402 ft
|
|
Batting: RHB Chris Arroyo
|
0-0: Swinging Strike 0-1: Ball 1-1: Ball 2-1: Foul Ball, location: 2F 2-2: Foul Ball, location: 2F 2-2: Strikes out swinging
|
|
Batting: RHB Jon Solis
|
0-0: DOUBLE (Line Drive, 78D, EV 110.0 MPH)
|
|
Batting: RHB Erik Mulligan
|
0-0: Ball Passed Ball! Jon Solis to third 1-0: SINGLE (Flyball, 89S, EV 85.0 MPH) Jon Solis scores
|
|
Batting: SHB Jiong Qi
|
0-0: Ball 1-0: Called Strike 1-1: Ball 2-1: Ball 3-1: Foul Ball, location: 2F 3-2: Base on Balls Erik Mulligan to second
|
|
Pitching: RHP Conrad van Gemert
|
|
|
Batting: RHB Ryan LeSueur
|
0-0: 3-RUN HOME RUN (Flyball, 7D, EV 106.2 MPH), Distance : 384 ft
|
|
Batting: RHB Hidesuke Yoshida
|
0-0: Called Strike 0-1: Swinging Strike 0-2: Ball 1-2: Ball 2-2: Ball 3-2: Base on Balls
|
|
Batting: RHB Ricky Alvarado
|
0-0: Ball 1-0: SINGLE (Groundball, 5D, EV 96.9 MPH) Hidesuke Yoshida to second
|
|
Batting: RHB Hector Barajas
|
0-0: Ball 1-0: Ball 2-0: 3-RUN HOME RUN (Flyball, 7LD, EV 99.4 MPH), Distance : 393 ft
|
|
Batting: SHB Ronnie Brooks
|
0-0: Called Strike 0-1: Foul Ball, location: 2F 0-2: Ball 1-2: Ball 2-2: SINGLE (Flyball, 8LS, EV 88.8 MPH)
|
|
Batting: RHB Chris Arroyo
|
0-0: Ball 1-0: Foul Ball, location: 2F 1-1: DOUBLE (Flyball, 89D, EV 110.0 MPH) Ronnie Brooks to third
|
|
Pitching: RHP Newt Reid
|
|
|
Batting: RHB Jon Solis
|
0-0: Called Strike 0-1: Ball 1-1: Foul Ball, location: 2F 1-2: Strikes out looking
|
|
Batting: RHB Erik Mulligan
|
0-0: Foul Ball, location: 2F 0-1: Called Strike 0-2: Ball 1-2: Foul Ball, location: 2F 1-2: Ball 2-2: Ball 3-2: Foul Ball, location: 2F 3-2: DOUBLE (Groundball, 5L, EV 106.9 MPH) Ronnie Brooks scores Chris Arroyo scores
|
|
Batting: SHB Jiong Qi
|
0-0: Called Strike 0-1: DOUBLE (Groundball, 3L, EV 94.4 MPH) Erik Mulligan scores
|
|
Batting: RHB Ryan LeSueur
|
0-0: Called Strike 0-1: Foul Ball, location: 2F 0-2: Foul Ball, location: 2F 0-2: Ball 1-2: Ball 2-2: Ball 3-2: Foul Ball, location: 2F 3-2: SINGLE (Line Drive, 34D, EV 98.1 MPH) Jiong Qi to third Runner from 3rd tries for Home, throw by RF and OUT! 9-2
|
| Bottom of the 3rd over - 14 runs, 13 hits, 0 errors, 1 left on base; San Francisco (APP) 1 - Bristol 25 |
| TOP OF THE 4TH |
|
San Francisco (APP) Giants batting - Pitching for Bristol Pirates : RHP Andres Guillen
|
|
Batting: LHB Kuan Hsia
|
0-0: Ball 1-0: Ball 2-0: Foul Ball, location: 2F 2-1: Swinging Strike 2-2: Foul Ball, location: 2F 2-2: Foul Ball, location: 2F 2-2: Strikes out swinging passed ball, reaches first!
|
|
Batting: RHB Ricky Aguilar
|
0-0: Called Strike 0-1: Foul Ball, location: 2F 0-2: Strikes out swinging
|
|
Batting: RHB Chris Kulik
|
0-0: Grounds into double play, 5-4-3 (Groundball, 56, EV 88.8 MPH)
|
| Top of the 4th over - 0 runs, 0 hits, 0 errors, 0 left on base; San Francisco (APP) 1 - Bristol 25 |
| BOTTOM OF THE 4TH |
|
Bristol Pirates batting - Pitching for San Francisco (APP) Giants : RHP Newt Reid
|
|
Batting: RHB Hidesuke Yoshida
|
0-0: Ball 1-0: Called Strike 1-1: Ball 2-1: Swinging Strike 2-2: Ball 3-2: SINGLE (Line Drive, 9S, EV 98.8 MPH)
|
|
Batting: RHB Ricky Alvarado
|
0-0: Called Strike 0-1: Ball 1-1: Ball 2-1: Ball 3-1: Called Strike 3-2: Base on Balls Hidesuke Yoshida to second
|
|
Batting: RHB Hector Barajas
|
0-0: Ball 1-0: Ball 2-0: Ball 3-0: Base on Balls Hidesuke Yoshida to third Ricky Alvarado to second
|
|
Batting: SHB Ronnie Brooks
|
0-0: DOUBLE (Line Drive, 89D, EV 103.8 MPH) Hidesuke Yoshida scores Ricky Alvarado scores Hector Barajas to third
|
|
Batting: RHB Chris Arroyo
|
0-0: DOUBLE (Line Drive, 78D, EV 100.0 MPH) Hector Barajas scores Ronnie Brooks scores
|
|
Batting: RHB Jon Solis
|
0-0: Ball 1-0: Called Strike 1-1: Foul Ball, location: 2F 1-2: Ground out 4-3 (Groundball, 4, EV 84.4 MPH) Chris Arroyo to third
|
|
Batting: RHB Erik Mulligan
|
0-0: Fly out, F8 (Flyball, 89D, EV 88.8 MPH) Runner from 3rd tags up, SCORES, throw by CF
|
|
Batting: SHB Jiong Qi
|
0-0: Ground out U3 (Groundball, 34, EV 110.0 MPH)
|
| Bottom of the 4th over - 5 runs, 3 hits, 0 errors, 0 left on base; San Francisco (APP) 1 - Bristol 30 |
| TOP OF THE 5TH |
|
San Francisco (APP) Giants batting - Pitching for Bristol Pirates : RHP Andres Guillen
|
|
Batting: RHB Azeem bin Zuhair
|
0-0: Ball 1-0: Foul Ball, location: 2F 1-1: SINGLE (Line Drive, 7S, EV 87.5 MPH)
|
|
Batting: RHB Jonathan Hemsley
|
0-0: Ball 1-0: Foul Ball, location: 2F 1-1: Ground out 5-3 (Groundball, 56S, EV 70.6 MPH) Azeem bin Zuhair to second
|
|
Batting: RHB Rúbem Trancoso
|
0-0: Called Strike 0-1: Foul Ball, location: 2F 0-2: Ball 1-2: Ball 2-2: Ball 3-2: Ground out 6-3 (Groundball, 6, EV 91.9 MPH) Azeem bin Zuhair to third
|
|
Batting: SHB Cedric Sweep
|
0-0: Foul Ball, location: 2F 0-1: Called Strike 0-2: Strikes out swinging
|
| Top of the 5th over - 0 runs, 1 hit, 0 errors, 1 left on base; San Francisco (APP) 1 - Bristol 30 |
| BOTTOM OF THE 5TH |
|
Bristol Pirates batting - Pitching for San Francisco (APP) Giants : RHP Newt Reid
|
|
Batting: RHB Ryan LeSueur
|
0-0: Ball 1-0: Fly out, F9 (Flyball, 9D, EV 84.4 MPH)
|
|
Batting: RHB Hidesuke Yoshida
|
0-0: Ground out 5-3 (Groundball, 56S, EV 86.2 MPH)
|
|
Batting: RHB Ricky Alvarado
|
0-0: Fly out, F4 (Popup, 34, EV 66.2 MPH)
|
| Bottom of the 5th over - 0 runs, 0 hits, 0 errors, 0 left on base; San Francisco (APP) 1 - Bristol 30 |
| TOP OF THE 6TH |
|
San Francisco (APP) Giants batting - Pitching for Bristol Pirates : RHP Andres Guillen
|
|
Batting: LHB Eddie Lemus
|
0-0: Ball 1-0: Called Strike 1-1: Foul Ball, location: 2F 1-2: Foul Ball, location: 2F 1-2: Ball 2-2: Strikes out swinging
|
|
Pitching: LHP Adam Clarke
|
|
|
Batting: RHB Noe Oliva
|
0-0: Swinging Strike 0-1: Ball 1-1: Swinging Strike 1-2: Strikes out looking
|
|
Batting: LHB Kuan Hsia
|
0-0: Called Strike 0-1: Called Strike 0-2: Ball 1-2: Ground out 3-1 (Groundball, 34S, EV 85.0 MPH)
|
| Top of the 6th over - 0 runs, 0 hits, 0 errors, 0 left on base; San Francisco (APP) 1 - Bristol 30 |
| BOTTOM OF THE 6TH |
|
Bristol Pirates batting - Pitching for San Francisco (APP) Giants : RHP Newt Reid
|
|
Batting: RHB Hector Barajas
|
0-0: Ball 1-0: SOLO HOME RUN (Line Drive, 78XD, EV 103.8 MPH), Distance : 419 ft
|
|
Batting: SHB Ronnie Brooks
|
0-0: Ground out U3 (Groundball, 3, EV 95.0 MPH)
|
|
Batting: RHB Chris Arroyo
|
0-0: Ball 1-0: Swinging Strike 1-1: Ball 2-1: Foul Ball, location: 2F 2-2: Strikes out swinging, 2-3 out at first.
|
|
Batting: RHB Jon Solis
|
0-0: Fly out, F8 (Flyball, 89XD, EV 85.0 MPH)
|
| Bottom of the 6th over - 1 run, 1 hit, 0 errors, 0 left on base; San Francisco (APP) 1 - Bristol 31 |
| TOP OF THE 7TH |
|
San Francisco (APP) Giants batting - Pitching for Bristol Pirates : LHP Adam Clarke
|
|
Batting: RHB Ricky Aguilar
|
0-0: Called Strike 0-1: Called Strike 0-2: Ball 1-2: Strikes out swinging, 2-3 out at first.
|
|
Batting: RHB Chris Kulik
|
0-0: Called Strike 0-1: Fly out, F8 (Line Drive, 8LD, EV 103.1 MPH)
|
|
Batting: RHB Azeem bin Zuhair
|
0-0: Called Strike 0-1: Swinging Strike 0-2: Foul Ball, location: 2F 0-2: Ball 1-2: Strikes out looking
|
| Top of the 7th over - 0 runs, 0 hits, 0 errors, 0 left on base; San Francisco (APP) 1 - Bristol 31 |
| BOTTOM OF THE 7TH |
|
Bristol Pirates batting - Pitching for San Francisco (APP) Giants : RHP Newt Reid
|
|
Batting: RHB Erik Mulligan
|
0-0: Foul Ball, location: 2F 0-1: Ball 1-1: Ball 2-1: Called Strike 2-2: Ball 3-2: Reached on error, E6 (Groundball, 6, EV 89.4 MPH)
|
|
Batting: SHB Jiong Qi
|
0-0: Ball 1-0: Ball 2-0: Fly out, F8 (Flyball, 8LM, EV 86.9 MPH)
|
|
Batting: RHB Ryan LeSueur
|
0-0: Fly out, F8 (Flyball, 8RD, EV 90.0 MPH)
|
|
Pinch Hitting: LHB Kazuyoshi Ikeda
|
0-0: DOUBLE (Flyball, 89D, EV 106.9 MPH) Erik Mulligan to third Runner from 3rd tries for Home, throw by RF and OUT! 9-4-2
|
| Bottom of the 7th over - 0 runs, 1 hit, 1 error, 1 left on base; San Francisco (APP) 1 - Bristol 31 |
| TOP OF THE 8TH |
|
San Francisco (APP) Giants batting - Pitching for Bristol Pirates : LHP Adam Clarke
|
|
Now in RF: Kazuyoshi Ikeda
|
|
|
Batting: RHB Jonathan Hemsley
|
0-0: Ball 1-0: Foul Ball, location: 2F 1-1: Ball 2-1: Foul Ball, location: 2F 2-2: Fly out, F9 (Flyball, 89D, EV 91.2 MPH)
|
|
Batting: RHB Rúbem Trancoso
|
0-0: Foul Ball, location: 2F 0-1: Foul Ball, location: 2F 0-2: Ball 1-2: Foul Ball, location: 2F 1-2: Strikes out swinging
|
|
Batting: SHB Cedric Sweep
|
0-0: SINGLE (Line Drive, 78S, EV 101.2 MPH)
|
|
Batting: LHB Eddie Lemus
|
0-0: Ball 1-0: Ball 2-0: Called Strike 2-1: 2-RUN HOME RUN (Flyball, 89XD, EV 97.5 MPH), Distance : 410 ft
|
|
Batting: RHB Noe Oliva
|
0-0: Called Strike 0-1: Ball 1-1: Ground out 6-3 (Groundball, 6, EV 88.1 MPH)
|
| Top of the 8th over - 2 runs, 2 hits, 0 errors, 0 left on base; San Francisco (APP) 3 - Bristol 31 |
| BOTTOM OF THE 8TH |
|
Bristol Pirates batting - Pitching for San Francisco (APP) Giants : RHP Newt Reid
|
|
Batting: RHB Ricky Alvarado
|
0-0: Fly out, F8 (Flyball, 8RXD, EV 96.2 MPH)
|
|
Batting: RHB Hector Barajas
|
0-0: Ball 1-0: Called Strike 1-1: Called Strike 1-2: Foul Ball, location: 2F 1-2: Foul Ball, location: 2F 1-2: Ball 2-2: Ball 3-2: Strikes out swinging
|
|
Batting: SHB Ronnie Brooks
|
0-0: Called Strike 0-1: TRIPLE (Line Drive, 89XD, EV 105.0 MPH)
|
|
Batting: RHB Chris Arroyo
|
0-0: Reached on error, E6 (Groundball, 6, EV 96.9 MPH) Ronnie Brooks scores
|
|
Batting: RHB Jon Solis
|
0-0: Fly out, F8 (Flyball, 8LXD, EV 94.4 MPH)
|
| Bottom of the 8th over - 1 run, 1 hit, 1 error, 1 left on base; San Francisco (APP) 3 - Bristol 32 |
| TOP OF THE 9TH |
|
San Francisco (APP) Giants batting - Pitching for Bristol Pirates : LHP Adam Clarke
|
|
Pitching: LHP Juan Hernandez
|
|
|
Batting: LHB Kuan Hsia
|
0-0: Hit by Pitch
|
|
Batting: RHB Ricky Aguilar
|
0-0: Called Strike 0-1: Called Strike 0-2: Strikes out swinging
|
|
Batting: RHB Chris Kulik
|
0-0: Hit by Pitch Kuan Hsia to second
|
|
Batting: RHB Azeem bin Zuhair
|
0-0: Called Strike 0-1: Foul Ball, location: 2F 0-2: Ball 1-2: Strikes out swinging
|
|
Batting: RHB Jonathan Hemsley
|
0-0: Foul Ball, location: 2F 0-1: Foul Ball, location: 2F 0-2: Strikes out swinging
|
| Top of the 9th over - 0 runs, 0 hits, 0 errors, 2 left on base; San Francisco (APP) 3 - Bristol 32 |
|